 Dungeon Crawl Stone Soup version 0.26-a0-478-g6c97825307 (webtiles) character file.

Game seed: 17247474899587552585

720 Infinimo the Firebug (level 7, -2/36 HPs)
             Began as a Gargoyle Fire Elementalist on Aug 1, 2020.
             Was a Follower of Vehumet.
             Killed from afar by an orc wizard (5 damage)
             ... with a magic dart
             ... on level 4 of the Dungeon.
             The game lasted 00:04:20 (5756 turns).

Infinimo the Firebug (Gargoyle Fire Elementalist)   Turns: 5756, Time: 00:04:20

Health: -2/36      AC:  6    Str: 12    XL:     7   Next: 70%
Magic:  10/12      EV: 12    Int: 17    God:    Vehumet [*.....]
Gold:   150        SH:  0    Dex: 10    Spells: 12/13 levels left

rFire    . . .     SeeInvis .   i - +0 whip (elec)
rCold    . . .     Faith    .   (no shield)
rNeg     + . .     Spirit   .   a - +0 robe
rPois    ∞         Reflect  .   (no helmet)
rElec    +         Harm     .   (no cloak)
rCorr    .                      (no gloves)
MR       .....                  (no boots)
Stlth    ++........             (no amulet)
HPRegen  0.12/turn              (no ring)
MPRegen  0.13/turn              (no ring)

@: no status effects
A: negative energy resistance 1, electricity resistance, unbreathing,
petrification resistance, rot immunity, AC +4
a: Renounce Religion


You were on level 4 of the Dungeon.
You worshipped Vehumet.
Vehumet was aware of your devotion.
You visited 1 branch of the dungeon, and saw 4 of its levels.

You collected 150 gold pieces.

Inventory:

Hand Weapons
 i - a +0 whip of electrocution (weapon)
Armour
 a - a +0 robe (worn)
Scrolls
 c - a scroll of identify
 e - 2 scrolls of remove curse
Potions
 d - 2 potions of resistance


   Skills:
 - Level 1.5 Dodging
 - Level 2.1 Stealth
 + Level 3.8 Spellcasting
 * Level 5.7 Conjurations
 * Level 6.0 Fire Magic


You had 12 spell levels left.
You knew the following spells:

 Your Spells              Type           Power        Failure   Level
a - Foxfire               Conj/Fire      ###.         1%          1

Your spell library contained the following spells:

 Spells                   Type           Power        Failure   Level
 Shock                    Conj/Air       ##..         4%          1
 Conjure Flame            Conj/Fire      ###.....     4%          3
 Inner Flame              Hex/Fire       ##......     14%         3
 Sticky Flame             Conj/Fire      ###.....     14%         4
 Fireball                 Conj/Fire      ###.......   38%         5


Dungeon Overview and Level Annotations

Branches:
Dungeon (4/15)
 Temple: D:4-7

Altars:
Vehumet


Innate Abilities, Weirdness & Mutations

You are resistant to torment.
Your stone body is resilient. (AC +4)
You are immune to poison.
You resist negative energy. (rN+)
You are resistant to electric shocks. (rElec)
You can survive without breathing.
You are immune to petrification.
You are immune to rotting.


Message History

Confirm with . or Enter, or press ? or * to list all spells.
You conjure some foxfire!
The foxfire hits the orc wizard but does no damage.
The foxfire hits the orc wizard.
The orc wizard is moderately wounded.
Casting: Foxfire (safe; 1% risk of failure)
Confirm with . or Enter, or press ? or * to list all spells.
You conjure some foxfire!
The foxfire hits the orc wizard but does no damage.
The orc wizard is moderately wounded.
The foxfire hits the orc wizard.
The orc wizard is severely wounded.
The orc wizard points at you and mumbles some strange words.
The puff of flame hits you.
The ogre hits you with a +0 giant club!!
Ouch! That really hurt!
* * * LOW HITPOINT WARNING * * *
The orc wizard gestures at you while chanting.
The magic dart hits you.
You die...

#.......# #.......# #
#......####.......## .#
#...#.....[....##..#..##
...O#.####.......#.#...#
......# ##............#
.....###...........###
...........#......##
##.......###......#
##....##....oo.@.#
##.......#.O###.#
##.....####.# #.##
###.......###.###..#
#...###.....#.##..##
....## ###.......##
#....## ##.....##
..##..## ##...## ###
.####..## ##...####.#


You could see an ogre, an orc wizard (fast) and an orc.

Vanquished Creatures
  Grinder (D:3)
  A water moccasin (D:4)
  An ogre (D:4)
  A scorpion (D:3)
  An iguana (D:4)
  2 worker ants
  2 orc wizards
  4 gnolls
  3 adders
  A white imp (D:4)
  2 oozes (D:3)
  3 worms
  A dart slug (D:2)
  A leopard gecko (D:2)
  5 orcs
  A giant cockroach (D:4)
  4 goblins
  7 hobgoblins
  12 jackals
  3 quokkas
  A ball python (D:4)
  3 bats
  3 frilled lizards (D:2)
  13 kobolds
  A leopard gecko skeleton (D:4)
  12 rats
89 creatures vanquished.

Vanquished Creatures (others)
  366 foxfires
366 creatures vanquished.

Grand Total: 455 creatures vanquished

Notes
Turn   | Place    | Note
-------+----------+-------------------------------------------
     0 | D:1      | Infinimo the Gargoyle Fire Elementalist began the quest for
                  | the Orb.
     0 | D:1      | Reached XP level 1. HP: 10/10 MP: 3/3
    58 | D:1      | Reached XP level 2. HP: 10/15 MP: 1/5
   562 | D:1      | Reached XP level 3. HP: 19/19 MP: 1/6
   779 | D:1      | You fall into a shaft and drop 1 floor!
   939 | D:2      | Found a radiant altar of Vehumet.
   946 | D:2      | Became a worshipper of Vehumet
  1425 | D:2      | Reached XP level 4. HP: 24/24 MP: 1/7
  1984 | D:2      | Reached skill level 4 in Fire Magic
  2997 | D:3      | Reached XP level 5. HP: 24/28 MP: 3/9
  3151 | D:3      | Noticed Grinder
  3172 | D:3      | Killed Grinder
  3172 | D:3      | Reached skill level 5 in Fire Magic
  3172 | D:3      | Reached XP level 6. HP: 14/32 MP: 4/10
  3388 | D:3      | Reached * piety under Vehumet
  3388 | D:3      | Offered knowledge of Shock by Vehumet.
  3812 | D:3      | Found a faded altar of an unknown god.
  4515 | D:4      | Noticed a water moccasin
  4803 | D:4      | Reached XP level 7. HP: 11/36 MP: 8/12
  5194 | D:4      | Reached skill level 5 in Conjurations
  5460 | D:4      | Reached skill level 6 in Fire Magic
  5756 | D:4      | Killed from afar by an orc wizard

Illustrated notes

Levels and vault maps discovered:
D:1:      minmay_arrival_arboretum_small, layout_rooms, serial_curves,
          eino_curves_01, eino_curves_04, kennysheep_doodads,
          minmay_misc_feat_hallway
D:2:      layout_basic, lemuel_doored_altar, minmay_small_reverse_x
D:3:      layout_basic, chequers_ecumenical_altar_simple_redux, uniq_grinder
D:4:      layout_layer_cave, lightli_ossuary_entry_decrepit_ruins

Skill      XL: |  1  2  3  4  5  6  7 |
---------------+----------------------+-----
Conjurations   | 2 3 4 5 |  5.7
Fire Magic     | 4 5 6 |  6.0
Spellcasting   | 3 |  3.8
Dodging        | |  1.5
Stealth        | |  2.1

Action                   |  1- 3 |  4- 6 |  7- 9 || total
-------------------------+-------+-------+-------++-------
Melee: Unarmed           |    14 |       |       ||    14
       Dagger            |    19 |    28 |       ||    47
       Whip              |       |    52 |       ||    52
 Cast: Foxfire           |    62 |    88 |    55 ||   205
  Use: Scroll            |       |     4 |       ||     4
       Potion            |       |     2 |     2 ||     4
 Stab: Sleeping          |       |     4 |       ||     4
Armor: Robe              |    15 |    33 |    13 ||    61
Dodge: Dodged            |    49 |    56 |    27 ||   132

Table legend: (Time is in decaauts)
 A = Elapsed time spent in this place.
 B = Non-inter-level travel time spent in this place.
 C = Inter-level travel time spent in this place.
 D = Time resting spent in this place.
 E = Time spent auto-exploring this place.
 F = Levels seen in this place.
 G = Mean time per level.
                   A        B        C        D        E       F      G
               +--------+--------+--------+--------+--------+-----+--------+
         Total |   5744 |   5626 |    118 |    196 |   4551 |   4 | 1436.0 |
       Dungeon |   5744 |   5626 |    118 |    196 |   4551 |   4 | 1436.0 |
               +--------+--------+--------+--------+--------+-----+--------+

Top non-repeatable levels by time:
     D:2: 2155 daAuts
     D:3: 1759 daAuts
     D:4: 1051 daAuts
     D:1: 778 daAuts
